 Dungeon Crawl Stone Soup version 0.29-a0-283-ga02f740833 (webtiles) character file.

Game seed: 15263392207601990306

126 Dabor the Skirmisher (level 5, -9/33 HPs)
             Began as a Gargoyle Fighter on Mar 13, 2022.
             Killed by divine providence
             ... invoked by an orc priest
              (15 damage)
             ... on level 3 of the Dungeon.
             The game lasted 00:02:50 (2986 turns).

Dabor the Skirmisher (Gargoyle Fighter)             Turns: 2986, Time: 00:02:50

Health: -9/33      AC: 12    Str: 21    XL:     5   Next: 10%
Magic:  5/5        EV:  9    Int:  9    God:
Gold:   172        SH:  4    Dex:  9    Spells: 4/4 levels left

rFire   . . .      SeeInvis .   a - +0 flail
rCold   . . .      Faith    .   c - +0 buckler
rNeg    + . .      Spirit   .   b - +0 scale mail
rPois   ∞          Reflect  .   (no helmet)
rElec   +          Harm     +   o - scarf {harm}
rCorr   .          Rampage  .   l - +0 pair of gloves
Will    .....                   (no boots)
Stlth   ..........              (no amulet)
HPRegen 0.11/turn               (no ring)
MPRegen 0.09/turn               (no ring)

@: no status effects
A: sickness immunity, AC +4, negative energy resistance 1, electricity
resistance, torment resistance 1, petrification resistance
a: no special abilities


You were on level 3 of the Dungeon.
You visited 1 branch of the dungeon, and saw 3 of its levels.

You collected 172 gold pieces.

Inventory:

Hand Weapons
 a - a +0 flail (weapon)
Armour
 b - a +0 scale mail (worn)
 c - a +0 buckler (worn)
 l - a +0 pair of gloves (worn)
 o - a scarf of harm (worn)
Scrolls
 f - a scroll of fog {unknown}
 g - a scroll of blinking
 h - 2 scrolls of vulnerability
 j - 2 scrolls of identify
 k - a scroll of enchant armour {unknown}
 m - a scroll of holy word {unknown}
 q - a scroll of fear {unknown}
Potions
 d - a potion of might
 e - 3 potions of resistance {unknown}
 i - a potion of attraction {unknown}
 n - 2 potions of brilliance {unknown}
 p - a potion of curing {unknown}


   Skills:
 + Level 4.2 Fighting
 + Level 3.0 Maces & Flails
 + Level 4.2 Armour
 + Level 4.2 Shields


You had 4 spell levels left.
You didn't know any spells.
Your spell library contained the following spells:

 Spells                   Type           Power      Damage    Failure   Level
 Summon Small Mammal      Summ           0%         N/A       80%         1
 Call Canine Familiar     Summ           0%         N/A       99%         3
 Summon Guardian Golem    Hex/Summ       0%         N/A       99%         3


Dungeon Overview and Level Annotations

Branches:
Dungeon (3/15)

Altars:

Shops:
D:1 !


Innate Abilities, Weirdness & Mutations

You are immune to sickness and miasma.
Your stone body is resilient. (AC +4)
You are immune to poison.
You resist negative energy. (rN+)
You are resistant to electric shocks. (rElec)
You are resistant to unholy torment.
You are immune to petrification.


Message History

You kill the endoplasm!
No target in view!
No target in view!
You open the door.
There is an open door here.
Found 31 stones.
q - a scroll labelled QYDDUI TAFOYZI You now have 172 gold pieces (gained 20).
You open the door.
There is an open door here.
Found an emerald potion.
e - 3 emerald potions (gained 1)
You open the door.
There is an open door here.
You open the door.
An adder comes into view.
The adder hisses angrily.
The adder bites you but does no damage. x2
There is an open door here.
You thump the adder!
You kill the adder!
Your Maces & Flails skill increases to level 3!
There is an open door here.
A worm comes into view.
There are monsters nearby!
The orc priest looks encouraged for a moment.
The orc priest invokes the aid of Beogh against you.
Beogh smites you!
The orc priest calls down the wrath of Beogh upon you.
Beogh smites you!
* * * LOW HITPOINT WARNING * * *
You hit the orc priest.
The orc priest is moderately wounded.
The orc priest hits you with a +0 hand axe.
* * * LOW HITPOINT WARNING * * *
You hit the orc priest but do no damage.
The orc priest is moderately wounded.
The orc priest mumbles some strange prayers to Beogh against you.
Beogh smites you!
You die...

####.....#.# #......#
###.....'.# #......# ..w..
.........#####......#
.....
.....#..............#
.....
####.#.########'#####
..... #.#.# #.# .....
..#.# ####.# ..... ###.#
#....############..... #.#
#....@o....w..........
#####...##################
#.....†..# #.###....#
#...#..(.# #######.#....#
#.......#....#
#......##...##
#............


You could see a worm and an orc priest.

Vanquished Creatures
  An orc priest (D:2)
  4 adders
  A worm (D:2)
  3 dart slugs
  6 ball pythons
  3 endoplasms
  A giant cockroach (D:1)
  4 goblins
  2 hobgoblins
  7 jackals
  2 quokkas (D:1)
  7 bats
  A frilled lizard (D:3)
  2 kobolds (D:2)
  4 rats
48 creatures vanquished.

Notes
Turn   | Place    | Note
-------+----------+-------------------------------------------
     0 | D:1      | Dabor the Gargoyle Fighter began the quest for the Orb.
     0 | D:1      | Reached XP level 1. HP: 14/14 MP: 1/1
   135 | D:1      | Reached XP level 2. HP: 19/19 MP: 2/2
   705 | D:1      | Reached XP level 3. HP: 23/23 MP: 3/3
   819 | D:1      | Found Yphipp's Distillery.
  1711 | D:2      | Reached XP level 4. HP: 28/29 MP: 4/4
  2874 | D:3      | Reached XP level 5. HP: 33/33 MP: 5/5
  2986 | D:3      | Killed from afar by an orc priest

Illustrated notes

Levels and vault maps discovered:
D:1:      arrival_zaba_pyramid, layout_loops_ring, serial_shops, shop
D:2:      layout_basic
D:3:      layout_basic, uniq_robin

Skill      XL: |  1  2  3  4  5 |
---------------+----------------+-----
Fighting       | 4 |  4.2
Armour         | 4 |  4.2
Shields        | 4 |  4.2
Maces & Flails | 3 |  3.0

Action                   |  1- 3 |  4- 6 || total
-------------------------+-------+-------++-------
Melee: Flail             |   129 |    51 ||   180
  Use: Scroll            |     2 |       ||     2
Armor: Scale mail        |    79 |    21 ||   100
Dodge: Dodged            |    83 |    19 ||   102
Block: Buckler           |    26 |    14 ||    40

Table legend: (Time is in decaauts)
 A = Elapsed time spent in this place.
 B = Non-inter-level travel time spent in this place.
 C = Inter-level travel time spent in this place.
 D = Time resting spent in this place.
 E = Time spent auto-exploring this place.
 F = Levels seen in this place.
 G = Mean time per level.
                   A        B        C        D        E       F      G
               +--------+--------+--------+--------+--------+-----+--------+
         Total |   3043 |   2890 |    153 |    761 |   1609 |   3 | 1014.3 |
       Dungeon |   3043 |   2890 |    153 |    761 |   1609 |   3 | 1014.3 |
               +--------+--------+--------+--------+--------+-----+--------+

Top non-repeatable levels by time:
     D:2: 1785 daAuts
     D:1: 1097 daAuts
     D:3: 160 daAuts
